 Dungeon Crawl Stone Soup version 0.22-a0-525-gf69a080 (webtiles) character file.

8621 Gildeon the Spear-Bearer (level 11, 0/88 HPs)
             Began as a Purple Draconian Fighter on June 20, 2018.
             Was a Priest of Qazlal.
             Succumbed to a spiny frog's poison
             ... on level 2 of the Lair of Beasts on June 21, 2018.
             The game lasted 00:54:33 (8884 turns).

Gildeon the Spear-Bearer (Purple Draconian Fighter) Turns: 8884, Time: 00:54:34

Health: 0/88       AC: 13    Str: 28    XL:     11   Next: 12%
Magic:  2/18       EV: 15    Int: 10    God:    Qazlal [***...]
Gold:   996        SH:  4    Dex: 16    Spells: 16/20 levels left

rFire    . . .     SeeInvis .   e - +0 halberd
rCold    . . .     Gourm    .   (shield currently unavailable)
rNeg     . . .     Faith    .   (armour unavailable)
rPois    .         Spirit   +   (helmet restricted)
rElec    .         Reflect  .   (no cloak)
rCorr    .         Harm     .   (no gloves)
MR       +....                  q - +2 pair of boots {run}
Stlth    ++........             l - amulet of guardian spirit
HPRegen  0.64/turn              o - +4 ring of dexterity
MPRegen  0.16/turn              s - +3 ring of protection

@: mighty, lethally poisoned (0 -> -2), hasted, very quick
A: breathe power, unfitting armour, hooves 1, stinger 1, regeneration 1, strong
2, cold-blooded, AC +7
a: Breathe Dispelling Energy, Upheaval, Elemental Force, Renounce Religion


You were on level 2 of the Lair of Beasts.
You worshipped Qazlal.
Qazlal was most pleased with you.
You were not hungry.

You visited 3 branches of the dungeon, and saw 11 of its levels.

You collected 996 gold pieces.

Inventory:

Hand Weapons
 a - a +1 trident
 e - a +0 halberd (weapon)
Armour
 q - a +2 pair of boots of running (worn)
Jewellery
 l - an amulet of guardian spirit (around neck)
 o - a +4 ring of dexterity (left hand)
 s - a +3 ring of protection (right hand)
 u - an uncursed ring of protection from magic
 v - an uncursed amulet of magic regeneration
Wands
 k - a wand of paralysis (2)
 n - a wand of digging (8)
 t - a wand of scattershot (2)
 x - a wand of iceblast (4)
Scrolls
 b - a scroll of enchant armour
 g - a scroll of remove curse
 p - a scroll of fog
 r - 6 scrolls of teleportation
 y - a scroll of identify
Potions
 f - a potion of invisibility
 i - 2 potions of magic
 w - a potion of flight
Comestibles
 d - 15 rations
 j - 4 chunks of flesh


   Skills:
 + Level 5.3 Fighting
 * Level 11.7 Polearms
 - Level 5.0 Dodging
 - Level 3.0 Stealth
   Level 3.0 Shields
 + Level 5.2 Spellcasting
 + Level 4.3 Transmutations
 + Level 4.2 Ice Magic
 + Level 5.3 Invocations
 + Level 5.2 Evocations


You had 16 spell levels left.
You knew the following spells:

 Your Spells              Type           Power        Failure   Level  Hunger
a - Ice Form              Ice/Tmut       ##......     36%         4    ####...

Your spell library contained the following spells:

 Spells                   Type           Power        Failure   Level  Hunger
 Spider Form              Tmut/Pois      #.........   28%         3    ###....
 Blade Hands              Tmut           ##........   71%         5    ######.
 Sticks to Snakes         Tmut           ##......     5%          2    ##.....
 Beastly Appendage        Tmut           ##....       3%          1    None


Dungeon Overview and Level Annotations

Branches:
Dungeon (8/15)             Temple (1/1) D:7            Lair (2/6) D:8
  Swamp: Lair:2-4    Shoals: Lair:2-4     Snake: Lair:2-4    Spider: Lair:2-4

Altars:
Ashenzari
Cheibriados
Dithmenos
Elyvilon
Fedhas
Gozag
Hepliaklqana
Kikubaaqudgha
Makhleb
Okawaru
Qazlal
Ru
Sif Muna
Trog
Uskayaw
Vehumet
Wu Jian
Xom
Zin
The Shining One


Innate Abilities, Weirdness & Mutations

You can breathe bolts of dispelling energy.
Your rich purple scales are hard. (AC +7)
You cannot fit into any form of body armour.
You are cold-blooded and may be slowed by cold attacks.
You have large cloven feet.
Your tail ends in a poisonous barb.
Your natural rate of healing is unusually fast.
Your muscles are very strong. (Str +4)


Message History

You feel sick.
You feel sick.
You feel sick.
The centaur shoots an arrow.
The arrow hits you!
* * * LOW HITPOINT WARNING * * *
You see here an arrow.
* * * LOW HITPOINT WARNING * * *
You feel sick.
The centaur shoots an arrow.
The arrow hits you but does no damage.
The centaur shoots an arrow.
The arrow closely misses you.
You see here an arrow.
Okay, then.
Okay, then.
* * * LOW HITPOINT WARNING * * *
You feel sick.
The centaur shoots an arrow.
The arrow closely misses you.
Your surroundings suddenly seem different.
* * * LOW HITPOINT WARNING * * *
You feel sick.
* * * LOW HITPOINT WARNING * * *
You feel sick.
You die...

#....##......##.....#.#...##..#.#
#....#.......#.............P...#.
.............##...P...........##.
#....#P......P....##......#...##.
#....##...........##......#....#.
#....P#.......#.÷.#.######.#..##.
.....###.#.P#......#...P..#....#.
#....###.####.....§...........###
.........[......@................
#.#.###.###.##############P#####P
##.## ### ### ## ## ###


There were no monsters in sight!

Vanquished Creatures
  Harold (Lair:2)
  A deep elf mage (D:8)
  An elephant (D:8)
  2 spiny frogs (Lair:1)
  A komodo dragon (Lair:1)
  A polar bear (Lair:2)
  9 blink frogs (Lair:1)
  Sigmund (D:5)
  A basilisk (D:8)
  A yak (D:8)
  2 water moccasins (Lair:1)
  A porcupine (Lair:2)
  An ice beast (D:6)
  4 orc warriors (D:8)
  A sky beast (D:8)
  5 necrophages (D:6)
  A phantom (D:5)
  4 ogres
  A centaur (D:8)
  7 big kobolds (D:6)
  2 crocodiles
  2 bullfrogs
  A water moccasin skeleton (D:6)
  5 electric eels (D:6)
  2 howler monkeys (D:8)
  A centaur zombie (D:7)
  3 crimson imps
  A bullfrog skeleton (D:3)
  A jelly (D:5)
  3 orc wizards
  A centaur skeleton (D:6)
  4 hounds
  3 orc priests
  An iguana (D:6)
  7 worker ants
  A killer bee zombie (D:6)
  11 gnolls
  10 adders
  A shadow imp (D:7)
  3 oozes
  An adder zombie (D:6)
  A worm (D:3)
  4 dart slugs
  2 leopard geckos
  20 orcs
  20 giant cockroaches
  6 goblins
  8 hobgoblins
  4 jackals (D:3)
  2 quokkas
  4 ball pythons
  9 bats
  3 frilled lizards
  A giant cockroach zombie (D:6)
  47 kobolds
  11 rats
  A fungus (D:3)
253 creatures vanquished.

Vanquished Creatures (others)
  A kobold (D:6)
  A bush (D:6)
  3 fungi (Lair:1)
  4 plants (D:6)
9 creatures vanquished.

Grand Total: 262 creatures vanquished

Notes
Turn   | Place    | Note
-------+----------+-------------------------------------------
     0 | D:1      | Gildeon the Draconian Fighter began the quest for the Orb.
     0 | D:1      | Reached XP level 1. HP: 19/19 MP: 1/1
   119 | D:1      | Reached XP level 2. HP: 19/26 MP: 2/2
   682 | D:1      | Reached XP level 3. HP: 31/31 MP: 3/3
   985 | D:2      | Reached skill level 3 in Polearms
  1115 | D:2      | Reached XP level 4. HP: 39/40 MP: 4/4
  1886 | D:3      | Reached XP level 5. HP: 45/46 MP: 5/5
  2063 | D:3      | Reached skill level 4 in Polearms
  2376 | D:3      | Identified a +2 pair of boots of running (You found it on level 3 of the Dungeon)
  2792 | D:5      | Entered Level 5 of the Dungeon
  2871 | D:5      | Reached XP level 6. HP: 40/53 MP: 4/6
  2955 | D:5      | Reached skill level 5 in Polearms
  2993 | D:5      | Found a burning altar of Makhleb.
  3038 | D:5      | Found a shattered altar of Ashenzari.
  3117 | D:5      | Reached skill level 5 in Fighting
  3196 | D:5      | Found a snail-covered altar of Cheibriados.
  3196 | D:5      | Found a radiant altar of Vehumet.
  3201 | D:5      | Found a stormy altar of Qazlal.
  3203 | D:5      | Found a faded altar of an unknown god.
  3204 | D:5      | Found a glowing silver altar of Zin.
  3207 | D:5      | Became a worshipper of Qazlal Stormbringer
  3259 | D:5      | Noticed Sigmund
  3266 | D:5      | Killed Sigmund
  3266 | D:5      | Reached skill level 1 in Stealth
  3266 | D:5      | Reached skill level 1 in Evocations
  3266 | D:5      | Your scales start taking on a rich purple colour.
  3266 | D:5      | Reached XP level 7. HP: 54/61 MP: 7/7
  3481 | D:6      | Reached skill level 6 in Polearms
  3481 | D:6      | Reached skill level 1 in Spellcasting
  3481 | D:6      | Reached skill level 1 in Invocations
  4137 | D:6      | Reached XP level 8. HP: 22/68 MP: 4/11
  4513 | D:6      | Found a snail-covered altar of Cheibriados.
  4683 | D:6      | Found a blossoming altar of Fedhas.
  4752 | D:6      | Reached skill level 5 in Dodging
  4759 | D:6      | Reached skill level 7 in Polearms
  4765 | D:6      | Reached * piety under Qazlal
  5194 | D:6      | Learned a level 4 spell: Ice Form
  5263 | D:6      | Reached skill level 8 in Polearms
  5336 | D:6      | Reached XP level 9. HP: 35/74 MP: 7/13
  5352 | D:6      | Reached ** piety under Qazlal
  5448 | D:6      | Reached skill level 1 in Transmutations
  5448 | D:6      | Reached skill level 1 in Ice Magic
  5907 | D:7      | Reached skill level 9 in Polearms
  5922 | D:7      | Found a staircase to the Ecumenical Temple.
  6265 | Temple   | Entered the Ecumenical Temple
  6464 | D:7      | Gained mutation: You have a pair of small horns on your head. [potion of mutation]
  6464 | D:7      | Gained mutation: You have large cloven feet. [potion of mutation]
  6464 | D:7      | Gained mutation: Your natural rate of healing is unusually fast. [potion of mutation]
  6464 | D:7      | Gained mutation: Your tail ends in a poisonous barb. [potion of mutation]
  6480 | D:8      | Lost mutation: You have a pair of small horns on your head. [potion of mutation]
  6480 | D:8      | Lost mutation: Your natural rate of healing is unusually fast. [potion of mutation]
  6480 | D:8      | Gained mutation: Your muscles are strong. (Str +2) [potion of mutation]
  6480 | D:8      | Gained mutation: Your natural rate of healing is unusually fast. [potion of mutation]
  6480 | D:8      | Gained mutation: Your muscles are very strong. (Str +4) [potion of mutation]
  6508 | D:8      | Found a staircase to the Lair.
  6526 | D:8      | Noticed an elephant
  6545 | D:8      | Killed an elephant
  6576 | D:8      | Found a bloodstained altar of Trog.
  6583 | D:8      | Reached skill level 10 in Polearms
  6777 | D:8      | Noticed a deep elf mage
  6782 | D:8      | Killed a deep elf mage
  6782 | D:8      | Reached XP level 10. HP: 75/81 MP: 12/15
  7177 | D:8      | Reached *** piety under Qazlal
  7542 | Lair:1   | Entered Level 1 of the Lair of Beasts
  7705 | Lair:1   | Noticed a spiny frog
  7711 | Lair:1   | HP: 4/81 [poisoned by a spiny frog]
  7715 | Lair:1   | Killed a spiny frog
  7715 | Lair:1   | Reached skill level 11 in Polearms
  8068 | Lair:1   | Reached skill level 5 in Spellcasting
  8068 | Lair:1   | Reached skill level 5 in Evocations
  8118 | Lair:1   | Noticed a spiny frog
  8131 | Lair:1   | Killed a spiny frog
  8131 | Lair:1   | Reached skill level 5 in Invocations
  8787 | Lair:2   | Reached XP level 11. HP: 86/86 MP: 18/18
  8854 | Lair:2   | Noticed Harold
  8872 | Lair:2   | Killed Harold
  8878 | Lair:2   | HP: 3/88 [centaur/arrow (7)]
  8883 | Lair:2   | HP: 1/88 [poisoned by a spiny frog]
  8884 | Lair:2   | Succumbed to a spiny frog's poison

Vault maps used:
D:1:      denvon_arrival_waterhouse
D:3:      minmay_roachtagon, minmay_gold_behind_fungi
D:5:      bloody_makhleb, lemuel_crystal_altar,
          chequers_temple_overflow_minitemple, first_ration,
          minmay_misc_feat_alley, uniq_sigmund
D:6:      minmay_goblin_kobold_castle, fedhas_altar_decomposition, basic_altar
D:7:      minmay_temple_entry_glassed_door, kennysheep_generic_room_2
D:8:      minmay_goldmine, overflow_temple_1_default, david_lair_generic
Temple:   minmay_temple_bridge_abc
Lair:2:   minmay_shoals_entry_centaurs, cheibrodos_lair_lostbears, uniq_harold

Skill      XL: |  1  2  3  4  5  6  7  8  9 10 |
---------------+-------------------------------+-----
Dodging        | 3 4 5 |  5.0
Polearms       | 3 4 5 6 8 10 11 | 11.7
Fighting       | 4 5 |  5.3
Stealth        | 1 3 |  3.0
Evocations     | 1 2 3 5 |  5.2
Spellcasting   | 2 3 5 |  5.2
Invocations    | 2 3 5 |  5.3
Transmutations | 3 4 |  4.3
Ice Magic      | 3 4 |  4.2
Shields        | |  3.0

Action                   |  1- 3 |  4- 6 |  7- 9 | 10-12 || total
-------------------------+-------+-------+-------+-------++-------
Melee: Trident           |   124 |   210 |    40 |       ||   374
       Tailslap          |    10 |    30 |    48 |    29 ||   117
       Halberd           |       |       |   361 |   172 ||   533
Evoke: Wand              |       |    32 |    17 |     7 ||    56
  Use: Scroll            |     6 |     9 |     7 |     4 ||    26
       Potion            |       |     3 |     6 |     7 ||    16
 Stab: Sleeping          |     1 |     2 |     1 |       ||     4
  Eat: Chunk             |     1 |     7 |     6 |     3 ||    17
       Ration            |       |       |     2 |     1 ||     3
Armor: Skin              |    49 |    73 |   141 |    33 ||   296
Dodge: Dodged            |   102 |   165 |   329 |    80 ||   676
Block: Other             |       |       |    21 |    26 ||    47

Table legend:
 A = Spawn XP
 B = Non-spawn XP
 C = Spawn XP percentage of total XP
 D = Spawn monster count
 E = Non-spawn monster count
 F = Spawn count percentage of total count
 G = Total turns spent on level
                    A         B        C        D         E        F      G
               +---------+---------+-------+---------+---------+-------+---------
         Total |       0 |   12317 |   0.0 |       0 |     252 |   0.0 |  8884
               +---------+---------+-------+---------+---------+-------+---------
           D:1 |       0 |      50 |   0.0 |       0 |      29 |   0.0 |   981
           D:2 |       0 |     126 |   0.0 |       0 |      25 |   0.0 |   575
           D:3 |       0 |     180 |   0.0 |       0 |      36 |   0.0 |   988
           D:4 |       0 |       2 |   0.0 |       0 |       1 |   0.0 |   261
           D:5 |       0 |     556 |   0.0 |       0 |      17 |   0.0 |   616
           D:6 |       0 |    2318 |   0.0 |       0 |      76 |   0.0 |  2297
           D:7 |       0 |     680 |   0.0 |       0 |      15 |   0.0 |   566
           D:8 |       0 |    2828 |   0.0 |       0 |      34 |   0.0 |  1063
        Lair:1 |       0 |    3921 |   0.0 |       0 |      14 |   0.0 |  1075
        Lair:2 |       0 |    1656 |   0.0 |       0 |       5 |   0.0 |   267
               +---------+---------+-------+---------+---------+-------+---------
